 Dungeon Crawl Stone Soup version 0.28.0-53-g5a82cb258f (webtiles) character file.

Game seed: 4537862328435379011

64 DemonSlayer the Firebug (level 3, -2/24 HPs)
             Began as a Demonspawn Fire Elementalist on Aug 4, 2022.
             Hit by a boomerang thrown by an orc (5 damage)
             ... on level 3 of the Dungeon.
             The game lasted 00:08:39 (3382 turns).

DemonSlayer the Firebug (DsFE)                      Turns: 3382, Time: 00:08:40

Health: -2/24      AC:  2    Str:  8    XL:     3   Next: 91%
Magic:  3/7        EV: 12    Int: 18    God:
Gold:   97         SH:  0    Dex: 13    Spells: 5/8 levels left

rFire   . . .      SeeInvis .   f - +0 spear
rCold   . . .      Faith    .   (no shield)
rNeg    . . .      Spirit   .   a - +0 robe
rPois   .          Reflect  .   (no helmet)
rElec   .          Harm     .   (no cloak)
rCorr   .          Rampage  .   (no gloves)
Will    .....                   (no boots)
Stlth   ++........              (no amulet)
HPRegen 0.08/turn               e - ring of flight
MPRegen 0.10/turn               (no ring)

@: flying
A: weakness stinger 1
a: no special abilities


You were on level 3 of the Dungeon.
You visited 1 branch of the dungeon, and saw 3 of its levels.

You collected 97 gold pieces.

Inventory:

Hand Weapons
 f - a +0 spear (weapon)
Armour
 a - a +0 robe (worn)
Jewellery
 e - a ring of flight (left hand)
Scrolls
 g - a scroll of blinking {unknown}
 i - a scroll of identify
Potions
 b - a potion of curing {unknown}
 c - a potion of brilliance {unknown}
 h - a potion of berserk rage {unknown}
 j - 2 potions of flight {unknown}


   Skills:
 + Level 0.1 Fighting
 + Level 1.8 Dodging
 + Level 1.7 Stealth
 + Level 3.0 Spellcasting
 + Level 1.7 Conjurations
 + Level 3.3 Fire Magic


You had 5 spell levels left.
You knew the following spells:

 Your Spells              Type           Power      Damage    Failure   Level
a - Foxfire               Conj/Fire      48%        2x1d6     5%          1
b - Scorch                Fire           28%        2d6       6%          2

Your spell library contained the following spells:

 Spells                   Type           Power      Damage    Failure   Level
 Conjure Flame            Conj/Fire      12%        6-21      17%         3
 Inner Flame              Hex/Fire       8%         N/A       24%         3
 Flame Wave               Conj/Fire      12%        2d6       50%         4


Dungeon Overview and Level Annotations

Branches:
Dungeon (3/15)

Altars:

Shops:
D:2 =?=:=

Annotations:
D:2 Sigmund


Innate Abilities, Weirdness & Mutations

You have a small tail.


Message History

You kill the orc!
The orc wizard points at you and mumbles some strange words.
You are confused.
An orc comes into view. It is wielding a +0 club.
You barely miss the orc wizard.
The orc wizard is moderately wounded.
The orc wizard hits you but does no damage.
An orc comes into view. It is wielding a +0 club.
Your magical contamination has completely faded away.
You hit your foxfire.
Your foxfire is moderately damaged.
The orc hits you with a +0 club. The orc wizard misses you.
You hit the orc.
The orc is heavily wounded.
The orc closely misses you. The orc wizard closely misses you.
You're too confused to cast spells.
You bump into the rock wall.
You're too confused to cast spells.
You bump into the rock wall.
You feel less confused.
The orc wizard hits you with a +0 dagger.
You see here a staff of air.
Flames lash the orc.
You kill the orc!
The orc throws a boomerang.
The boomerang hits you.
The orc throws a boomerang.
The boomerang barely misses you.
The orc wizard gestures wildly while chanting.
The orc wizard flickers and vanishes!
Deactivating autopickup; reactivate with Ctrl-A.
The orc throws a boomerang.
The boomerang hits you.
The orc throws a boomerang.
The boomerang hits you.
You see here a +0 longbow.
Okay, then.
The orc throws a boomerang.
The boomerang misses you.
The orc throws a boomerang.
The boomerang closely misses you.
The orc throws a boomerang.
The boomerang hits you.
* * * LOW HITPOINT WARNING * * *
Found a stone staircase leading down.
The orc throws a boomerang.
The boomerang hits you.
You die...

### ..#
#{##########
#o##.##....#
#.##.##.####
#..#.....#####
##.###.......######
#.##..#####o...@.#
#.#..## ######.#
#.).## ... ##..#
##.# #..# .>. #...
##. #.#.# . #.#..
#.###.


You could see an orc.

Vanquished Creatures
  2 adders (D:2)
  A worm (D:2)
  A dart slug (D:1)
  2 orcs (D:3)
  2 bats (D:1)
  6 endoplasms
  A giant cockroach (D:2)
  2 goblins
  3 hobgoblins
  2 quokkas (D:1)
  6 ball pythons
  2 frilled lizards (D:1)
  5 kobolds
  3 rats
38 creatures vanquished.

Vanquished Creatures (others)
  170 foxfires
170 creatures vanquished.

Grand Total: 208 creatures vanquished

Notes
Turn   | Place    | Note
-------+----------+-------------------------------------------
     0 | D:1      | DemonSlayer the Demonspawn Fire Elementalist began the
                  | quest for the Orb.
     0 | D:1      | Reached XP level 1. HP: 13/13 MP: 3/3
    45 | D:1      | You fall into a shaft and drop 1 floor!
   603 | D:1      | Discovered your monstrous ancestry.
   603 | D:1      | Gained mutation: You have a small tail. [demonic ancestry]
   603 | D:1      | Reached XP level 2. HP: 17/19 MP: 0/5
   604 | D:2      | Found Emigejeo's Jewellery Boutique.
  1717 | D:1      | Learned a level 2 spell: Scorch
  1757 | D:2      | Found Doarurch's Jewellery Shoppe.
  1893 | D:2      | Reached XP level 3. HP: 24/24 MP: 0/6
  2582 | D:2      | Found Linesu's Book Shop.
  2815 | D:2      | Found a faded altar of an unknown god.
  2910 | D:2      | Found Esaihyst's Magic Scroll Emporium.
  2984 | D:2      | Found Mogy's Jewellery Shop.
  3103 | D:2      | Noticed Sigmund
  3382 | D:3      | Hit by a boomerang thrown by an orc

Illustrated notes

Levels and vault maps discovered:
D:1:      amcnicky_arrival_flooded_fountain, layout_loops_cross,
          minmay_misc_feat_four_crosses
D:2:      layout_basic, serial_shops, nicolae_shop_statue_plus,
          nicolae_shop_temple_entry_statues_fountains, shop, shop_statue, shop,
          hellmonk_ecumenical_altar_crossroads, uniq_sigmund
D:3:      layout_rooms, corexii_hall_statues_i, uniq_ijyb,
          uniq_crazy_yiuf_cottage

Skill      XL: |  1  2  3 |
---------------+----------+-----
Fire Magic     | 3 |  3.3
Spellcasting   | 3 |  3.0
Fighting       | |  0.1
Dodging        | |  1.8
Stealth        | |  1.7
Conjurations   | |  1.7

Action                   || total
-------------------------++-------
Melee: Unarmed           ||     7
       Spear             ||    28
       Tailslap          ||     2
       Punch             ||     2
 Cast: Foxfire           ||   125
       Scorch            ||     2
  Use: Scroll            ||     2
 Stab: Sleeping          ||     1
Armor: Robe              ||    13
Dodge: Dodged            ||    47
